 Dungeon Crawl Stone Soup version 0.30.1-3-gfc49f6343a (webtiles) character file.

Game seed: 7990836357584569456

45 KyoPewz the Cudgeller (level 3, -1/36 HPs)
             Began as an Ogre Gladiator on July 30, 2023.
             Succumbed to an adder's poison
             ... on level 2 of the Dungeon.
             The game lasted 00:01:53 (890 turns).

KyoPewz the Cudgeller (Ogre Gladiator)               Turns: 890, Time: 00:01:54

Health: -1/36      AC:  5    Str: 20    XL:     3   Next: 64%
Magic:  3/3        EV: 10    Int:  9    God:
Gold:   95         SH:  0    Dex: 10    Spells: 2/2 levels left

rFire   . . .        a - +0 flail
rCold   . . .        (no shield)
rNeg    . . .        b - +0 robe
rPois   .            c - +0 hat
rElec   .            (no cloak)
rCorr   .            (gloves unavailable)
SInv    .            (boots unavailable)
Will    .....        (no amulet)
Stlth   +            (no ring)
HPRegen 0.26/turn    (no ring)
MPRegen 0.08/turn

%: random rage (3%)
@: lethally poisoned (-1 -> -9)
A: large, unfitting armour, tough skin 1, iridescent scales 1, berserk 1
a: no special abilities


You were on level 2 of the Dungeon.
You visited 1 branch of the dungeon, and saw 2 of its levels.

You collected 95 gold pieces.

Inventory:

Hand Weapons
 a - a +0 flail (weapon)
Missiles
 d - 3 throwing nets (quivered)
 e - a large rock
Armour
 b - a +0 robe (worn)
 c - a +0 hat (worn)
Wands
 l - a wand of paralysis (10)
Scrolls
 f - a scroll of teleportation {unknown}
 g - a scroll of noise {unknown}
 h - a scroll of enchant weapon {unknown}
 k - a scroll of vulnerability {unknown}
Potions
 i - a potion of mutation
 j - a potion of curing {unknown}


   Skills:
 - Level 2.6 Fighting
 * Level 3.7 Maces & Flails
 + Level 2.7 Throwing
 - Level 2.6 Dodging


You had 2 spell levels left.
You didn't know any spells.
Your spell library contained the following spells:

 Spells                   Type           Power      Damage    Failure   Level
 Slow                     Hex            0%         N/A       38%         1
 Confusing Touch          Hex            0%         N/A       77%         3
 Vampiric Draining        Necr           0%         2d6       77%         3


Dungeon Overview and Level Annotations

Branches:
Dungeon (2/15)

Altars:


Innate Abilities, Weirdness & Mutations

You are too large for most types of armour.
You have tough skin. (AC +1)
You are partially covered in iridescent scales. (AC +2)
You sometimes lose your temper in combat.


Message History

The ball python attacks as you move away!
The ball python bites you. The adder attacks as you move away!
The adder bites you.
You are more poisoned.
The adder poisons you!
You feel very sick.
You see here a scroll labelled GESEAM YKEUTU.
You take 6 damage, and have 16/36 hp.
You are too injured to fight recklessly!
You are too injured to fight recklessly!
You are too injured to fight recklessly!
You barely miss the adder.
The adder is severely wounded.
You feel very sick. The adder bites you.
You are lethally poisoned!
The adder poisons you!
You take 5 damage, and have 11/36 hp.
You closely miss the ball python.
* * * LOW HITPOINT WARNING * * *
You feel very sick.
The ball python bites you but does no damage.
The adder bites you but does no damage. The ball python barely misses you.
The adder bites you.
* * * LOW HITPOINT WARNING * * *
You take 5 damage, and have 6/36 hp.
It was a potion of mutation.
You feel extremely strange.
Iridescent scales grow over part of your body.
You feel a little pissed off.
* * * LOW HITPOINT WARNING * * *
You feel very sick. The ball python bites you.
* * * LOW HITPOINT WARNING * * *
The adder bites you but does no damage.
You take 5 damage, and have 1/36 hp.
Okay, then.
Unknown command.
You hit the adder but do no damage.
The adder is severely wounded.
You die...

..........# ##.......#.
#......... ##.......##
#....>....#
##.......###
#.....w....###.
#.#.#S#.#.......
#...S@...........
###...............
#...$............#.
#######...............
#.............#........
#.....................#
#.....................#
#######................
##............#....#


You could see an adder, a dart slug and a ball python.

Vanquished Creatures
  An adder (D:1)
  2 dart slugs (D:2)
  5 bats
  A giant cockroach (D:2)
  5 hobgoblins (D:1)
  3 quokkas
  5 ball pythons
  2 goblins (D:1)
  5 kobolds
  A rat (D:1)
30 creatures vanquished.

Notes
Turn   | Place    | Note
-------+----------+-------------------------------------------
     0 | D:1      | KyoPewz the Ogre Gladiator began the quest for the Orb.
     0 | D:1      | Reached XP level 1. HP: 22/22 MP: 1/1
   149 | D:1      | Reached skill level 3 in Maces & Flails
   150 | D:1      | Reached XP level 2. HP: 26/29 MP: 2/2
   618 | D:1      | Reached XP level 3. HP: 5/36 MP: 3/3
   889 | D:2      | Gained mutation: You are partially covered in iridescent
                  | scales. (AC +2) [potion of mutation]
   889 | D:2      | Gained mutation: You sometimes lose your temper in combat.
                  | [potion of mutation]
   889 | D:2      | HP: 1/36 [ball python (2)]
   890 | D:2      | Succumbed to an adder's poison

Illustrated notes

Levels and vault maps discovered:
D:1:      heliophobic_arrival_henge, layout_rooms
D:2:      layout_basic, minmay_misc_feat_chi, chequers_serial_rivers_micro_d,
          reono_crystal_passage, st_stairs_4

Skill      XL: |  1 |
---------------+----+-----
Maces & Flails | 3 |  3.7
Fighting       | |  2.6
Throwing       | |  2.7
Dodging        | |  2.6

Action                     || total
---------------------------++-------
  Melee: Flail             ||   112
    Use: Potion            ||     1
 Armour: Robe              ||    60
  Dodge: Dodged            ||    75
